Map: Traitor's Exile

Players

Throwfordays - Winner!

  • Race: Protoss Protoss
  • League: Bronze
  • Spawn Location: 5:00

Cthulhu - Winner!

  • Race: Zerg Zerg
  • Spawn Location: 6:00

JVO

  • Race: Zerg Zerg
  • League: Silver
  • Spawn Location: 9:00

RustyPwner

  • Race: Terran Terran
  • League: Bronze
  • Spawn Location: 12:00

VOD

Have the link to the VOD?

Description

Time

  • Played on: Jan. 29, 2019, 11:26 p.m.
  • Length: 12:20
Show
View Real Time Build Order
Export as new Build Order

Throwfordays Protoss - Winner!

Build Orders: 1 Gate Expand 

Get SALT Encoding   

  12  0:01  Probe  
  13  0:13  Probe  
  14  0:20  Pylon  
  14  0:25  Probe  
  15  0:38  Gateway, Probe  
  16  0:50  Assimilator, Probe  
  17  1:02  Probe  
  18  1:14  Probe  
  19  1:25  Cybernetics Core  
  19  1:31  Warp Gate  
  19  1:40  Nexus  
  19  1:47  Pylon  
  19  1:53  Probe  
  20  1:58  Assimilator  
  20  2:10  Stalker  
  22  2:22  Probe  
  23  2:34  Pylon, Probe  
  24  2:46  Probe  
  25  2:51  Probe  
  26  2:58  Probe  
  26  2:59  Probe  
  28  3:07  Probe  
  28  3:10  Probe  
  30  3:14  Gateway  
  30  3:18  Probe  
  30  3:19  Gateway  
  31  3:22  Probe  
  32  3:28  Gateway  
  32  3:30  Probe  
  32  3:31  Probe  
  33  3:39  Probe  
  34  3:42  Probe  
  36  3:49  Probe  
  36  3:50  Stalker  
  36  3:54  Probe  
  40  4:01  Probe  
  41  4:06  Probe  
  41  4:07  Pylon  
  42  4:17  Protoss Ground Weapons Level 1  
  42  4:19  Forge  
  42  4:20  Twilight Council  
  42  4:23  Probe  
  43  4:26  Assimilator  
  43  4:30  Assimilator  
  43  4:33  Pylon  
  43  4:40  Gateway  
  43  4:41  Gateway  
  43  4:42  Stalker x3  
  49  4:45  Stalker  
  51  4:53  Blink  
  51  4:55  Probe  
  51  4:57  Probe  
  53  5:07  Stalker, Probe  
  53  5:09  Probe  
  57  5:19  Probe  
  58  5:21  Probe  
  57  5:47  Adept x4  
  57  5:48  Adept x2  
  59  6:04  Pylon, Protoss Ground Weapons Level 2  
  59  6:08  Adept x2  
  59  6:09  Adept x4  
  51  6:29  Adept x5  
  51  6:30  Adept  
  59  6:40  Nexus  
  59  6:54  Resonating Glaives  
  59  6:57  Probe  
  59  7:00  Probe  
  61  7:03  Assimilator  
  61  7:08  Assimilator  
  61  7:09  Probe  
  61  7:12  Probe  
  61  7:13  Robotics Facility  
  61  7:15  Robotics Facility  
  63  7:18  Robotics Facility  
  63  7:21  Probe  
  63  7:22  Robotics Facility  
  64  7:24  Probe  
  65  7:33  Probe  
  65  7:37  Probe  
  67  7:45  Probe  
  67  7:49  Probe  
  69  8:03  Probe  
  70  8:11  Protoss Ground Weapons Level 3  
  70  8:14  Probe  
  70  8:15  Probe  
  72  8:26  Probe  
  73  8:27  Nexus, Probe  
  73  8:29  Pylon, Immortal x2  
  73  8:30  Immortal x2  
  90  8:34  Pylon  
  90  8:38  Probe  
  90  8:39  Robotics Bay  
  91  8:46  Protoss Air Weapons Level 1  
  91  9:09  Immortal x4  
  107  9:26  Adept  
  107  9:31  Pylon  
  109  9:33  Pylon  
  109  9:35  Extended Thermal Lance  
  109  9:36  Pylon  
  109  9:39  Pylon  
  109  9:46  Probe  
  109  9:49  Probe  
  109  9:50  Pylon  
  109  9:51  Pylon  
  111  9:57  Pylon  
  111  9:59  Stalker x3  
  117  10:00  Stalker  
  117  10:01  Stalker, Probe  
  119  10:13  Probe  
  120  10:18  Nexus  
  120  10:22  Pylon  
  120  10:25  Pylon, Probe  
  120  10:28  Pylon  
  121  10:31  Pylon  
  121  10:38  Probe  
  122  10:43  Colossus x3  
  122  10:49  Colossus  
  146  11:37  Immortal  
  146  11:38  Immortal x2  
Show
View Real Time Build Order
Export as new Build Order

Cthulhu Zerg - Winner!

Build Orders: Hatch First 

Get SALT Encoding   

  12  0:02  Drone  
  13  0:12  Drone  
  14  0:38  Hatchery  
  13  0:45  Drone  
  14  0:51  Extractor  
  14  0:52  Drone  
  14  0:55  Overlord  
  14  1:05  Extractor  
  14  1:06  Drone  
  14  1:27  Spawning Pool  
  14  1:32  Drone x2  
  15  1:37  Drone  
  16  1:45  Drone  
  17  1:50  Drone  
  18  2:00  Drone  
  19  2:05  Drone  
  19  2:06  Drone  
  21  2:17  Lair  
  21  2:26  Drone x2  
  21  2:27  Drone  
  24  2:36  Queen  
  26  2:40  Drone  
  26  2:43  Drone  
  28  2:48  Overlord  
  28  3:06  Extractor  
  28  3:07  Extractor, Drone  
  28  3:08  Drone x2  
  28  3:11  Drone  
  30  3:16  Spire  
  30  3:18  Drone  
  30  3:20  Drone  
  31  3:43  Drone  
  31  3:44  Drone x2  
  31  3:46  Drone x2  
  31  3:47  Overlord  
  36  4:05  Queen  
  38  4:11  Overlord  
  38  4:30  Mutalisk  
  38  4:31  Mutalisk x6  
  40  4:37  Zerg Flyer Weapons Level 1  
  52  4:50  Metabolic Boost  
  52  4:53  Overlord  
  52  5:22  Mutalisk  
  52  5:23  Mutalisk x3  
  60  5:52  Spine Crawler  
  60  5:54  Spine Crawler  
  60  5:56  Spine Crawler x2  
  56  5:58  Spine Crawler  
  53  6:25  Zergling x14  
  56  6:56  Zergling x8  
  60  7:09  Baneling Nest  
  59  7:16  Infestation Pit  
  56  7:42  Zergling x2  
  56  7:43  Zergling x6  
  60  7:48  Overlord x2  
  60  8:13  Drone x2  
  62  8:24  Hive  
  62  8:26  Zerg Flyer Weapons Level 2  
  62  8:39  Overseer  
  62  8:47  Drone x3  
  65  9:03  Overlord x2  
  65  9:05  Corruptor x2  
  65  9:06  Corruptor x3  
  68  10:03  Corruptor  
  68  10:04  Corruptor x6  
  82  10:21  Burrow  
  82  10:22  Adrenal Glands  
  70  11:01  Corruptor x4  
  70  11:02  Corruptor x2  
  78  11:23  Zergling x2  
  78  11:24  Zergling x4  
  79  11:58  Zergling x14  
  79  11:59  Zergling x6  
Show
View Real Time Build Order
Export as new Build Order

JVO Zerg 

Build Orders: Hatch First 

Get SALT Encoding   

  12  0:01  Drone  
  13  0:36  Drone  
  13  0:40  Hatchery  
  13  0:49  Drone  
  14  0:51  Overlord  
  14  1:11  Spawning Pool  
  13  1:24  Drone x2  
  15  1:26  Drone  
  16  1:57  Extractor, Queen  
  16  2:00  Drone, Overlord  
  18  2:01  Queen  
  18  2:02  Drone  
  21  2:14  Drone  
  22  2:17  Overlord  
  22  2:23  Drone  
  24  2:30  Drone x2  
  25  2:40  Drone  
  25  2:41  Drone  
  27  3:00  Zergling x2, Overlord  
  27  3:02  Metabolic Boost  
  28  3:08  Drone  
  28  3:09  Extractor  
  28  3:11  Drone x3  
  31  3:27  Drone x3  
  31  3:28  Drone  
  31  3:30  Zergling x4  
  31  3:31  Zergling x2  
  38  3:37  Drone x2  
  38  3:38  Drone  
  41  3:46  Drone  
  42  3:53  Overlord  
  42  3:58  Drone x4  
  42  4:01  Extractor  
  45  4:03  Extractor  
  45  4:06  Lair  
  44  4:13  Drone x2  
  46  4:28  Drone  
  46  4:29  Drone x3  
  46  4:31  Overlord  
  50  4:32  Zergling x8  
  54  4:39  Evolution Chamber  
  54  4:42  Drone  
  54  4:43  Overlord  
  54  4:44  Overlord  
  54  4:50  Drone  
  54  4:51  Drone  
  56  5:01  Zergling x6  
  59  5:12  Overlord  
  59  5:15  Zergling x8  
  59  5:21  Spore Crawler  
  60  5:23  Spore Crawler x2  
  60  5:24  Spore Crawler  
  60  5:25  Spore Crawler x2  
  60  5:26  Spore Crawler  
  60  5:28  Spore Crawler  
  48  5:30  Spore Crawler  
  48  5:32  Zergling x8  
  48  5:33  Zergling x2  
  45  5:49  Spore Crawler x2  
  41  5:50  Spore Crawler  
  41  5:51  Spore Crawler x3  
  28  5:58  Drone x2  
  14  6:29  Drone x2  
  14  6:30  Drone  
  14  6:48  Drone x2  
  16  7:07  Queen  
  18  7:09  Drone  
  19  7:32  Drone x2  
  19  7:33  Drone  
  22  7:37  Queen  
  24  7:49  Drone x3  
  27  7:55  Drone x2  
  29  8:11  Drone x2  
  31  8:15  Drone  
  31  8:19  Drone x2  
  35  8:20  Drone  
  35  8:32  Drone  
  35  8:33  Drone  
  37  8:34  Drone  
  38  8:47  Drone x4  
  42  8:51  Drone  
  42  8:55  Drone  
  44  8:56  Drone x3  
  47  9:03  Hydralisk Den  
  47  9:05  Drone  
  47  9:09  Zerg Missile Weapons Level 1  
  47  9:19  Zergling x10  
  47  9:21  Zergling x4  
  54  9:38  Hatchery  
  53  9:47  Muscular Augments  
  53  9:51  Overlord x3  
  53  10:25  Drone  
  53  10:26  Drone, Overlord  
  53  10:27  Overlord x4  
  55  10:39  Hydralisk  
  55  10:40  Hydralisk x5  
  59  10:58  Grooved Spines  
  59  11:01  Hydralisk x5  
  69  11:05  Hydralisk x5  
  79  11:25  Hydralisk x2  
  83  11:50  Hatchery  
Show
View Real Time Build Order
Export as new Build Order

RustyPwner Terran 

Build Orders:  

Get SALT Encoding   

  12  0:01  SCV  
  13  0:13  SCV  
  14  0:21  Supply Depot  
  14  0:25  SCV  
  15  0:43  SCV  
  15  0:45  Barracks  
  16  0:50  Refinery  
  16  0:55  SCV  
  17  1:00  Refinery  
  17  1:07  SCV  
  18  1:22  SCV  
  19  1:33  Supply Depot  
  19  1:34  SCV  
  20  1:43  Factory  
  20  1:53  Barracks Reactor  
  20  1:56  SCV  
  21  2:15  Barracks  
  22  2:17  Orbital Command  
  21  2:27  Factory Tech Lab  
  21  2:39  Starport  
  21  2:48  Marine x2  
  22  3:04  Bunker  
  22  3:06  SCV  
  22  3:10  Supply Depot  
  22  3:12  Barracks Tech Lab  
  23  3:16  Starport Reactor  
  23  3:18  Marine x2  
  25  3:20  Siege Tank  
  25  3:24  SCV  
  29  3:35  Marauder  
  29  3:36  SCV  
  32  3:44  Supply Depot  
  32  3:52  Engineering Bay  
  33  3:55  SCV  
  33  3:58  Marine x2  
  35  4:10  Marine  
  35  4:12  Siege Tank  
  35  4:14  SCV  
  35  4:15  Marine  
  41  4:21  Missile Turret  
  41  4:26  SCV  
  41  4:27  Viking  
  41  4:30  Marine  
  45  4:36  Marauder  
  47  4:41  Supply Depot  
  47  4:46  Combat Shield  
  47  5:03  Supply Depot, SCV  
  47  5:04  Marine  
  47  5:05  Marine  
  50  5:53  SCV  
  51  5:57  Missile Turret  
  50  6:05  SCV  
  48  6:16  Marine x3  
  49  6:33  Marine  
  46  6:52  Missile Turret  
  46  6:57  Marine x3  
  46  7:00  Siege Tank  
  52  7:10  Barracks  
  52  7:11  Missile Turret  
  52  7:12  Missile Turret  
  52  7:15  Marine x2, Barracks  
  54  7:16  Missile Turret  
  54  7:21  Medivac  
  54  7:22  Medivac  
  58  7:32  Siege Tank  
  61  7:46  Stimpack  
  61  7:51  Terran Infantry Weapons Level 1  
  61  7:53  Missile Turret  
  61  7:55  SCV  
  62  7:59  Barracks Reactor  
  62  8:02  Barracks Reactor  
  62  8:12  Supply Depot  
  62  8:15  Supply Depot  
  63  8:20  SCV  
  63  8:25  Command Center  
  63  8:33  Marine x3  
  66  8:51  Marine x3  
  66  8:53  Marine x3  
  66  8:55  Siege Tank  
  75  9:09  Marine x2, SCV  
  78  9:21  SCV  
  79  9:37  Marauder  
  66  10:25  Marine x4  
  66  10:27  Siege Tank  
  73  10:28  Viking  
  72  10:51  Marine x7  
  79  10:59  Siege Tank  
  82  11:09  Marine x6  
  82  11:10  Marauder  
  90  11:23  SCV  
  91  11:35  SCV  
  81  11:47  SCV  
  51  11:59  SCV  
Tags
 
Add a new tag
Caveats
  • Supply blocks, unpowered buildings, or Contaminate may cause inaccurate times.
  • Supply counts are checked every 10 seconds.